 Dungeon Crawl Stone Soup version 0.18.1-48-g4cf74bf (webtiles) character file.

6090 deDude the Protected (level 10, -4/120 HPs)
             Began as a Demonspawn Berserker on Aug 27, 2016.
             Was a High Priest of Trog.
             Slain by a 12-headed hydra (9 damage)
             ... on level 9 of the Dungeon on Aug 28, 2016.
             The game lasted 01:51:38 (8414 turns).

deDude the Protected (Demonspawn Berserker)         Turns: 8414, Time: 01:51:39

Health: -4/120     AC: 18    Str: 26    XL:     10   Next: 58%
Magic:  0/10       EV: 19    Int:  8    God:    Trog [*****.]
Gold:   60         SH: 16    Dex: 19    Spells: 0 memorised, 9 levels left

rFire  + . .     SeeInvis .     v - +2 falchion (protect)
rCold  . . .     Gourm    .     M - +2 ring mail {rF+}
rNeg   . . .     Faith    .     L - +0 large shield
rPois  .         Spirit   +     K - +2 hat
rElec  .         Dismiss  .     (no cloak)
rCorr  .         Reflect  .     B - +1 pair of gloves
SustAt .         Harm     .     (boots unavailable)
MR     .....                    J - amulet of regeneration
Stlth  ..........               x - +4 ring of evasion
                                l - +4 ring of evasion

@: berserking, very quick, not resistant to hostile enchantments, extremely
unstealthy
A: talons 3, thin skeletal structure 3, magic shield
a: Berserk, Trog's Hand, Brothers in Arms, Burn Spellbooks, Renounce Religion


You were on level 9 of the Dungeon.
You worshipped Trog.
Trog was extremely pleased with you.
You were hungry.

You visited 2 branches of the dungeon, and saw 10 of its levels.

You collected 314 gold pieces.
You spent 254 gold pieces at shops.

Inventory:

Hand Weapons
 f - a +2 dagger of venom
 k - a +1 scimitar of flaming
 v - a +2 falchion of protection (weapon)
 y - a +0 halberd
 D - a +2 hand axe of flaming
 X - a +1 short sword of holy wrath
 Y - a +2 falchion of flaming
Missiles
 g - 3 poisoned tomahawks (quivered)
 p - 149 arrows
 z - 55 bolts
 V - 6 poisoned needles
Armour
 c - a +0 plate armour
 h - a +0 scale mail
 n - a +0 buckler
 r - the +1 ring mail of Pandemonium {*Corrode +Blink rC+++}
   (You found it on level 4 of the Dungeon)

   It renders you almost immune to cold.
   It lets you blink.
   It may corrode you when you take damage.
 t - a +2 leather armour of poison resistance
 u - a +2 cloak
 B - a +1 pair of gloves (worn)
 K - a +2 hat (worn)
 L - a +0 large shield (worn)
 M - a +2 ring mail of fire resistance (worn)
 R - a +0 plate armour
Jewellery
 l - a +4 ring of evasion (left hand)
 x - a +4 ring of evasion (right hand)
 E - an uncursed ring of ice
 J - an amulet of regeneration (around neck)
Wands
 W - a wand of disintegration (11/24)
Scrolls
 a - 2 scrolls of recharging {unknown}
 i - a scroll of acquirement {unknown}
 o - 2 scrolls of random uselessness
 s - a scroll of magic mapping {unknown}
 A - a scroll of enchant weapon {unknown}
 C - a scroll of vulnerability {unknown}
 H - a scroll of enchant armour {unknown}
 I - a scroll of amnesia {unknown}
 P - a scroll of teleportation {unknown}
 Q - 4 scrolls of remove curse
 T - a scroll of blinking {unknown}
Potions
 d - 2 potions of might {unknown}
 e - 2 potions of flight {unknown}
 j - 2 potions of degeneration {unknown}
 q - 5 potions of heal wounds {unknown}
 w - 3 potions of haste {unknown}
 F - a potion of beneficial mutation {unknown}
 G - 5 potions of curing
 O - a potion of lignification {unknown}
 U - a potion of invisibility
Comestibles
 b - 2 meat rations
 m - 13 fruits
 N - 3 bread rations
 S - 3 chunks of flesh
 Z - 6 slices of pizza


   Skills:
 + Level 7.8 Fighting
 + Level 2.0(3.6) Short Blades
 + Level 4.7(5.0) Long Blades
 + Level 3.9(4.5) Axes
   Level 3.2(4.1) Maces & Flails
 + Level 8.3 Armour
 + Level 5.2 Dodging
 + Level 1.7 Stealth
 + Level 5.1 Shields


You had 9 spell levels left.
You didn't know any spells.

Dungeon Overview and Level Annotations

Branches:
Dungeon (9/15)             Temple (1/1) D:5            Lair (0/8) D:9
    Orc: D:9-12

Altars:
Ashenzari
Cheibriados
Dithmenos
Elyvilon
Fedhas
Gozag
Kikubaaqudgha
Makhleb
Okawaru
Pakellas
Qazlal
Ru
Sif Muna
Trog
Xom
Yredelemnul
Zin
The Shining One

Shops:
D:5 [   D:9 *[

Annotations:
D:9 Psyche


Innate Abilities, Weirdness & Mutations

You have claws for feet.
You have an unnaturally thin skeletal structure (Dex +6, Stealth++).
When hurt, damage is shared between your health and your magic reserves.


Message History

The 12-headed hydra misses you.
You block the 12-headed hydra's attack. x3
The 12-headed hydra bites you but does no damage.
You barely miss the 12-headed hydra. You claw the 12-headed hydra!
The 12-headed hydra is heavily wounded.
You block the 12-headed hydra's attack. The 12-headed hydra barely misses you.
The 12-headed hydra bites you but does no damage.
The 12-headed hydra bites you!
* * * LOW HITPOINT WARNING * * *
The 12-headed hydra barely misses you.
The 12-headed hydra bites you but does no damage.
The 12-headed hydra misses you. You block the 12-headed hydra's attack.
The 12-headed hydra bites you!
* * * LOW HITPOINT WARNING * * *
The 12-headed hydra bites you.
* * * LOW HITPOINT WARNING * * *
You block the 12-headed hydra's attack. The 12-headed hydra misses you.
The 12-headed hydra bites you!
* * * LOW HITPOINT WARNING * * *
The 12-headed hydra closely misses you. The 12-headed hydra bites you!
You die...

#######.8.8)######..#.......#
......'.._..'.......#.####..#
.....#.8.8.#.......#. #..#
...#.....#.......# ###..#
###'###'###'#######.......#
#......)................ .#
#.##......##########....
#.##......#.%D.....# .
#....∩....#).#@....#
##......###+###'''## #..###.#
#.≈P.....# #..# #.#
#P≈≈..P..# #..# #.#
#≈≈P.....# #..###.#
#P≈.(....#
####......###PP((≈.≈.# .
............#####)####....
..........(..#...(........


You could see a 12-headed hydra.

Vanquished Creatures
  Erica (D:8)
  Maurice (D:8)
  A cyclops (D:9)
  Grinder (D:3)
  Sigmund (D:3)
  2 yaks (D:9)
  A wraith (D:8)
  3 hungry ghosts
  The ghost of Tagedieb the Sneak, an amateur OpEn (D:4)
  Duvessa (D:7)
  2 orc warriors
  2 hell hounds (D:9)
  2 ice beasts
  A sky beast (D:6)
  6 ogres
  4 centaurs
  Blork the orc (D:4)
  3 big kobolds
  5 giant frogs
  Dowan (D:7)
  A howler monkey (D:8)
  2 hounds
  3 crimson imps
  A wasp zombie (D:9)
  A giant frog zombie (D:8)
  2 jellies
  2 orc priests
  2 giant frog skeletons
  7 orc wizards
  3 iguanas
  A worker ant (D:4)
  6 sheep (D:9)
  A hound skeleton (D:4)
  2 worker ant zombies
  6 gnolls
  A howler monkey skeleton (D:7)
  11 adders
  3 shadow imps
  2 oozes
  3 adder skeletons
  An adder zombie (D:8)
  A worm (D:2)
  A dart slug (D:3)
  22 orcs
  A ball python (D:3)
  2 giant cockroaches
  5 hobgoblins
  7 jackals
  14 kobolds
  5 quokkas
  11 bats
  A giant cockroach zombie (D:5)
  A giant gecko skeleton (D:4)
  2 giant newts
  4 goblins
  A quokka skeleton (D:9)
  5 rats
  7 fungi (D:4)
191 creatures vanquished.

Notes
Turn   | Place    | Note
--------------------------------------------------------------
     0 | D:1      | deDude the Demonspawn Berserker began the quest for the Orb.
     0 | D:1      | Reached XP level 1. HP: 18/18 MP: 1/1
   194 | D:1      | You fall through a shaft!
   207 | D:2      | Gained mutation: You have sharp toenails. [demonic ancestry]
   207 | D:2      | Reached XP level 2. HP: 23/24 MP: 2/2
   456 | D:2      | Reached skill level 2 in Armour
   845 | D:1      | Gained mutation: When hurt, damage is shared between your health and your magic reserves. [demonic ancestry]
   845 | D:1      | Reached XP level 3. HP: 28/29 MP: 3/3
  1264 | D:2      | Reached ** piety under Trog
  1890 | D:3      | Gained mutation: You have a somewhat thin skeletal structure (Dex +2, Stealth). [demonic ancestry]
  1890 | D:3      | Reached XP level 4. HP: 27/37 MP: 2/4
  2215 | D:3      | Noticed Sigmund
  2238 | D:3      | Killed Sigmund
  2238 | D:3      | Reached skill level 3 in Armour
  2238 | D:3      | Reached skill level 1 in Stealth
  2238 | D:3      | Reached skill level 1 in Shields
  2238 | D:3      | Reached XP level 5. HP: 20/42 MP: 2/5
  2238 | D:3      | Gained mutation: You have razor-sharp toenails. [demonic ancestry]
  2238 | D:3      | Reached XP level 6. HP: 23/48 MP: 2/6
  2351 | D:3      | Noticed Grinder
  2366 | D:3      | Paralysed by Grinder for 5 turns
  2374 | D:3      | Killed Grinder
  2374 | D:3      | Reached skill level 1 in Short Blades
  2374 | D:3      | Reached skill level 4 in Armour
  2701 | D:4      | Noticed Blork the orc
  2701 | D:4      | Noticed Tagedieb's ghost (amateur OpEn)
  2721 | D:4      | Killed Blork the orc
  2721 | D:4      | Gained mutation: You have a moderately thin skeletal structure (Dex +4, Stealth+). [demonic ancestry]
  2721 | D:4      | Reached XP level 7. HP: 55/55 MP: 5/7
  2727 | D:4      | Killed Tagedieb's ghost
  2850 | D:4      | Found a shadowy altar of Dithmenos.
  3109 | D:4      | Reached skill level 5 in Armour
  3151 | D:4      | Found a blossoming altar of Fedhas.
  3167 | D:4      | Got an ancient ring mail
  3178 | D:4      | Identified the +1 ring mail of Pandemonium {*Corrode +Blink rC+++} (You found it on level 4 of the Dungeon)
  3402 | D:4      | Gained mutation: You have an unnaturally thin skeletal structure (Dex +6, Stealth++). [demonic ancestry]
  3402 | D:4      | Reached XP level 8. HP: 35/61 MP: 4/8
  3504 | D:5      | Entered Level 5 of the Dungeon
  3743 | D:5      | Found Fanunga's Armour Boutique.
  3802 | D:5      | Found a staircase to the Ecumenical Temple.
  3816 | Temple   | Entered the Ecumenical Temple
  4061 | D:5      | Reached skill level 5 in Fighting
  4061 | D:5      | Reached skill level 1 in Axes
  4116 | D:5      | Found a white marble altar of Elyvilon.
  4448 | D:5      | Reached *** piety under Trog
  4615 | D:6      | Reached skill level 6 in Armour
  4664 | D:6      | Found a glowing silver altar of Zin.
  5104 | D:6      | Reached XP level 9. HP: 48/69 MP: 5/9
  5326 | D:7      | Noticed Dowan
  5327 | D:7      | Noticed Duvessa
  5353 | D:7      | Killed Duvessa
  5357 | D:7      | Killed Dowan
  5559 | D:7      | Reached skill level 7 in Armour
  5735 | D:7      | Reached skill level 1 in Long Blades
  5838 | D:7      | Reached **** piety under Trog
  6439 | D:7      | Found a glowing golden altar of the Shining One.
  6450 | D:7      | Found a sacrificial altar of Ru.
  6459 | D:7      | Found a deep blue altar of Sif Muna.
  6608 | D:7      | Found a bloodstained altar of Trog.
  6608 | D:7      | Found a shimmering altar of Xom.
  6736 | D:8      | Noticed Erica
  6776 | D:8      | Killed Erica
  6776 | D:8      | Gained mutation: You have claws for feet. [demonic ancestry]
  6776 | D:8      | Reached XP level 10. HP: 23/79 MP: 1/10
  7092 | D:8      | Noticed Maurice
  7127 | D:8      | Killed Maurice
  7426 | D:8      | Found a shattered altar of Ashenzari.
  7426 | D:8      | Found a blossoming altar of Fedhas.
  7643 | D:8      | Reached skill level 8 in Armour
  7833 | D:9      | Found an oddly glowing altar of Pakellas.
  7838 | D:9      | Found Tegiegub's General Store.
  7840 | D:9      | Noticed a cyclops
  7859 | D:9      | Killed a cyclops
  7921 | D:9      | Bought 2 fruits for 42 gold pieces
  7977 | D:9      | Found a staircase to the Lair.
  8049 | D:9      | Found a burning altar of Makhleb.
  8062 | D:9      | Noticed Psyche
  8195 | D:9      | Found Neall's Antique Armour Shop.
  8223 | D:9      | Bought a large shield for 112 gold pieces
  8223 | D:9      | Bought a shiny ring mail for 100 gold pieces
  8317 | D:9      | Reached ***** piety under Trog
  8317 | D:9      | Reached skill level 5 in Dodging
  8329 | D:9      | Received a gift from Trog
  8329 | D:9      | Reached skill level 5 in Shields
  8395 | D:9      | Noticed a three-headed hydra
  8414 | D:9      | HP: 5/120 [12-headed hydra (10)]
  8414 | D:9      | Slain by a 12-headed hydra

Skill      XL: |  1  2  3  4  5  6  7  8  9 10 |
---------------+-------------------------------+-----
Dodging        | 2 3 4 5 |  5.2
Armour         | 2 3 4 5 6 7 8 |  8.3
Maces & Flails | 3 |  3.2
Fighting       | 4 5 7 |  7.8
Stealth        | 1 |  1.7
Shields        | 1 2 3 4 5 |  5.1
Short Blades   | 1 2 |  2.0
Axes           | 3 |  3.9
Long Blades    | 3 4 |  4.7

Action                   |  1- 3 |  4- 6 |  7- 9 | 10-12 || total
-------------------------+-------+-------+-------+-------++-------
Melee: Dagger            |   105 |    70 |       |       ||   175
       Mace              |     2 |       |       |       ||     2
       Kick              |    16 |    29 |   232 |   106 ||   383
       Hand axe          |       |    14 |   325 |       ||   339
       Falchion          |       |       |   210 |   271 ||   481
Invok: Berserk           |       |     2 |     1 |     2 ||     5
       Burn Spellbooks   |       |       |     1 |     2 ||     3
  Use: Scroll            |       |     4 |     2 |     2 ||     8
       Potion            |       |       |     4 |       ||     4
 Stab: Sleeping          |     1 |       |     1 |       ||     2
  Eat: Chunk             |     1 |       |    10 |     2 ||    13
       Bread ration      |     1 |       |     2 |       ||     3
       Pizza             |       |     1 |     1 |       ||     2
       Meat ration       |       |       |     1 |     1 ||     2
       Fruit             |       |       |       |     1 ||     1
Armor: Animal skin       |     3 |       |       |       ||     3
       Chain mail        |    52 |    20 |     6 |       ||    78
       Plate armour      |       |       |   194 |    85 ||   279
       Ring mail         |       |       |     2 |    43 ||    45
Dodge: Dodged            |    55 |    15 |   248 |   213 ||   531
Block: Buckler           |    13 |    17 |   121 |    21 ||   172
       Large shield      |       |       |       |    89 ||    89
